[Event "Austrian Bundesliga 2023-24"]
[Site "Austria"]
[Date "2024.03.23"]
[Round "10.12"]
[White "Gschnitzer, Adrian"]
[Black "Bacrot, Etienne"]
[Result "0-1"]
[ECO "B48"]
[WhiteElo "2423"]
[BlackElo "2680"]
[Annotator "TA"]
[PlyCount "120"]
[EventDate "2023.10.21"]
[EventType "team-tourn"]
[EventCountry "AUT"]
[SourceTitle "playchess.com"]
[Source "ChessBase"]
[SourceQuality "1"]
[TimeControl "40/5400+30:1800+30"]

1. e4 c5 2. Nf3 e6 3. d4 cxd4 4. Nxd4 Nc6 5. Nc3 Qc7 6. Be3 a6 7. Qf3 h5 8. Nxc6 Qxc6 9. Bd3 {[%emt 0:02:00] Weiß steht etwas besser.} Ba3 10. bxa3 Qxc3+ 11. Ke2 Ne7 12. Rhd1 e5 13. h3 d6 14. Rab1 b5 15. Kf1 Be6 {[%emt 0:08:21] [#]} 16. a4 $1 bxa4 17. Rb7 (17. Bd2 {vereinfacht} Qc6 18. a3 Ng6 19. Kg1) 17... Qc8 18. Rdb1 (18. Rb4 $14 {behält die Oberhand.}) 18... Bxa2 $17 19. R1b6 Ng6 (19... Nc6 $1 $17 {Und ...Nd8 würde nun gewinnen.} 20. Qg3 (20. Bxa6 $2 Rxa6 21. Qd1 O-O $19) 20... Kf8) 20. Bc1 (20. Bxa6 $2 O-O (20... Qxc2 21. Rb2 $16) (20... Rxa6 21. Rb8 $16) 21. Bd3 a3 $19) 20... O-O 21. Qxh5 (21. Bxa6 $2 Qxc2 (21... Rxa6 $2 22. Rxa6 Bc4+ 23. Kg1 $19) 22. Ba3 Rxa6 23. Rxa6 Bc4+ 24. Kg1 Bxa6 $19) 21... Qc5 (21... Bc4 $17 {Weiss muss nun ...Bxd3+ beachten.} 22. Bxc4 Qxc4+ 23. Qe2 Qd4) 22. g3 (22. Bxa6 $2 Rxa6 (22... Qxc2 $2 23. Bg5 $19) 23. Rxa6 Bc4+ (23... Qxc2 $2 24. Rxd6 Qxc1+ 25. Qd1 $19) 24. Kg1 Bxa6 $19) ({Vorzuziehen ist} 22. Qd1 $15) 22... a3 $1 23. Rb4 (23. Bxa6 $2 Rxa6 (23... Qxc2 $2 24. Bxa3 Rxa6 25. Qf3 $19) 24. Rxa6 Bc4+ (24... Qxc2 $2 25. Rxd6 Qxe4 26. Kg1 $19) 25. Kg2 Bxa6 $19) (23. Be3 $17 {ist eine bessere Verteidigung.} Qc8 24. Bc1 (24. Bxa6 $2 Rxa6 25. Rxa6 Bc4+ 26. Kg1 Bxa6 $19)) 23... Qc3 (23... a5 $1 $19 24. R4b5 Qc3) 24. Ra4 (24. Qd1 $1 $15) 24... Qc6 $19 25. Rbb4 a5 $1 26. Rb5 Bb1 27. Qe2 a2 28. Bb2 Rfb8 29. Raxa5 (29. Kg2 $142) 29... Qc8 {[%emt 0:00:59] Droht stark ...Rxa5.} 30. Ba1 Rxa5 31. Rxa5 Qxh3+ 32. Kg1 Nf8 33. Ra7 (33. Ra6 {kämpft weiter.}) 33... Ne6 34. Qf3 $2 (34. Qf1 Qg4 35. Qe2 Qxe2 36. Bxe2) 34... Ng5 35. Qe2 Rc8 {[%emt 0:01:28][%cal Ob1c2] ...Bxc2! ist eine echte Drohung.} 36. Ra3 Rb8 $2 (36... Kh7 $19 37. Qd1 f6) 37. Qd1 $2 (37. Ra7 $1 $11 {und Weiss steht sicher.} Kh7 38. Ra6) 37... Qd7 (37... Kh7 $142 38. Rc3 f6) 38. Qh5 Nh7 39. Kg2 (39. Qf5 $142 Qxf5 40. exf5) 39... Nf6 40. Qe2 Rc8 {[%emt 0:00:00] Schwarz steht aktiver.} 41. f3 Qc7 {[%emt 0:01:14][%cal Og7g6] Es drohte Bc4} 42. Qd2 Kh7 (42... Bxc2 43. Rc3 $17 (43. Rxa2 Bxd3 44. Qxd3 Qc1 $17) (43. Rxa2 $2 Bxd3 44. Qxd3 Qc1 $17)) 43. Ra4 (43. Rc3 $142 Qa5 44. Kf1 Rxc3 45. Qxc3) 43... Qd7 (43... Bxc2 44. Rc4 (44. Rxa2 Bxd3 45. Qxd3 Nh5 $17) 44... Qxc4 45. Bxc4 Rxc4 46. Qxd6 $11) 44. Ra6 (44. Rc4 $17) 44... Kg8 45. Ra5 Qd8 46. Ra7 Qb6 47. Ra4 Nd7 48. Bc4 Qc6 {[%emt 0:01:30] Verhindert Qd5} 49. Rb4 {[%emt 0:02:57] [#]} Qc7 (49... Nf6 $1 $19 {[%cal Rf6e4] ...Nxe4! wäre nun fies.} 50. Qe2 Qc5) 50. Qd5 {[%emt 0:02:05] [#]} ({Günstiger ist} 50. c3 $1 $15) 50... Nf6 $1 $36 {[%emt 0:05:36][%mdl 2048] Schwarz bestimmt, wo es lang geht.} ({Schlechter ist} 50... Bxc2 51. Qxf7+ Kh8 52. Qh5#) 51. Qd3 (51. Qd2 $17 {ist der einzige Weg für Weiss..}) 51... Qc6 52. Qd2 $2 {[%emt 0:02:02] [#]} (52. Qe2 {war einen Versuch wert.}) 52... Nxe4 $1 53. fxe4 Qxe4+ 54. Kh3 $2 (54. Kg1 Rxc4 55. Rxc4 Qxc4 56. Qxd6) 54... Rxc4 55. Rxc4 Qxc4 (55... Qh1+ $142 56. Qh2 Qf1+ 57. Kg4 Qxc4+ 58. Kf3 Bxc2 (58... Qxc2 $2 59. Qxc2 Bxc2 60. Kg4 $19)) 56. Qxd6 {[%emt 0:00:05] KQB-KQB} f6 57. Qd8+ Kh7 {[%emt 0:00:19] ( -> ...Qf1+)} 58. Qe8 $2 (58. Qd3+ $19 Qxd3 59. cxd3 Bxd3 60. Kg2) 58... Qf1+ {[%emt 0:00:19] Schwarz setzt Matt.} ({Und nicht} 58... Qxc2 59. Qh5+ Kg8 60. Qe8+ Kh7 61. Qh5+ Kg8 62. Qe8+ Kh7 $11) 59. Kh4 Qh1+ ({Lieber nicht} 59... Bxc2 60. Qh5+ Kg8 61. Qe8+ Kh7 62. Qh5+ Kg8 63. Qe8+ Kh7 $11) 60. Kg4 Qd1+ {[%emt 0:01:13] Gewichteter Fehlerwert: Weiß=0.69/Schwarz=0.54.  Verlustzug:     	Weiß=1     	---        Gewinn verpasst:   	---       	Schwarz=1     Fehler:       	Weiß=14    	Schwarz=5     Ungenau:       	Weiß=2     	Schwarz=4     OK:         	Weiß=16    	Schwarz=15    Bester:       	Weiß=2     	Schwarz=7     Stark:        	---       	Schwarz=2     Brilliant:      	---       	Schwarz=1} 0-1

[Event "Austrian Bundesliga 2023-24"]
[Site "Austria"]
[Date "2024.03.23"]
[Round "10.13"]
[White "Janzelj, Tim"]
[Black "Brkic, Ante"]
[Result "0-1"]
[ECO "B22"]
[WhiteElo "2403"]
[BlackElo "2633"]
[Annotator "TA"]
[PlyCount "94"]
[EventDate "2023.10.21"]
[EventType "team-tourn"]
[EventCountry "AUT"]
[SourceTitle "playchess.com"]
[Source "ChessBase"]
[SourceQuality "1"]
[TimeControl "40/5400+30:1800+30"]

1. e4 c5 2. c3 Nf6 3. e5 Nd5 4. Nf3 d6 5. Bb5+ Bd7 6. Bc4 {[%emt 0:00:11] B22: Sicilian: 2 c3.} e6 7. d4 dxe5 $5 {[%emt 0:00:30][%mdl 4] Leaves trodden paths.} 8. dxe5 Bc6 9. Qe2 Nd7 10. O-O Qc7 $146 ({Predecessor:} 10... N5b6 11. Bd3 Bxf3 12. Qxf3 Nxe5 13. Bb5+ Nc6 14. Rd1 Qc8 15. Bg5 Be7 16. Bxe7 Kxe7 {½-½ Shevchenko,K (2655)-Kravtsiv,M (2604) UKR-ch 90th Kharkov 2021 (7)}) 11. Re1 h6 12. Bxd5 Bxd5 13. Bf4 O-O-O 14. Bg3 c4 15. b4 Bxf3 16. Qxf3 Nb6 17. Na3 Rd3 18. Re3 Rd5 19. Re4 a5 20. Nc2 Rd3 21. Re3 axb4 22. cxb4 Nd5 23. Rxd3 cxd3 24. Qxd3 Bxb4 25. Nd4 (25. Nxb4 $11 {remains equal.} Nxb4 26. Qf3) 25... Qc3 $17 26. Qd1 Qd2 (26... Qc4 $1 $17 {Hoping for ...Nc3.} 27. Nb3 Nc3) 27. Qg4 $1 $11 Rd8 (27... Qd3 $5) 28. Nb3 (28. Nb5 $5) 28... Qb2 29. Qxg7 Nc3 $1 30. Qg4 (30. Qxf7 $2 Qxa1+ 31. Nxa1 Rd1#) (30. h3 $1 $11 Nxa2 31. Bh4) 30... Nxa2 $15 31. Qc4+ Kb8 32. Rf1 $1 Qc3 33. Qh4 $2 (33. Qxc3 $17 Nxc3 34. Bh4) 33... Rd3 34. Na1 (34. Rb1 $2 Qxb3 (34... Qc2 $2 35. Re1 $19) 35. h3 Qxb1+ $19) 34... Nc1 35. Qxh6 Ba3 (35... Ne2+ 36. Kh1 $19) 36. Qh7 $2 (36. Kh1) 36... Ka7 (36... Qxa1 $2 37. Qxd3 (37. Qxf7 $2 Ne2+ 38. Kh1 Qxf1#) 37... Nxd3 38. Rxa1 $18) (36... Qc4 $142 37. Qg8+ (37. Qxf7 $2 Rd8 $19) 37... Ka7 38. Qxf7 Ne2+ 39. Kh1 Rc3) 37. Kh1 $2 (37. Qe4 {was necessary.} Rd4 (37... Qxa1 $2 {perishes.} 38. Qxd3 Qb2 39. Qe3+ Kb8 40. h4 $18) 38. Qf3 Qxa1 39. Kh1) 37... Bb2 $2 (37... Qxa1 $2 {loses.} 38. Qxd3 (38. Qxf7 $2 Qd4 $19) 38... Qb2 39. Qe3+ Kb8 40. h4 $18) (37... Qc4 $1 $19 {[%cal Od3g3] And now ...Rxg3! would win.} 38. Nc2 (38. Qxf7 $2 {is the wrong capture.} Rd7 $19) 38... Qxc2 (38... Rxg3 $2 39. Rg1 $19)) 38. Qxf7 $2 {[%emt 0:02:24] [#]} (38. f4 $11 {and White is okay.}) 38... Qc4 $1 $19 39. Re1 {[%emt 0:01:42] [#]} Bxa1 (39... Ne2 $142 $1 {[%cal Oc4a4] ...Qa4! would now be deadly.} 40. f3 Nxg3+ 41. hxg3 Ra3) 40. h4 (40. Qf4 $17 {was called for.} Qxf4 41. Bxf4) 40... Bb2 $19 41. Kh2 Rd4 42. h5 (42. Qf3 $17) 42... Ne2 $19 43. Rxe2 $2 (43. Qe7) 43... Qxe2 $19 44. h6 Rd5 45. Qxe6 Qh5+ 46. Qh3 Bxe5 47. Bxe5 Qxe5+ 0-1

[Event "Austrian Bundesliga 2023-24"]
[Site "Austria"]
[Date "2024.03.23"]
[Round "10.14"]
[White "Martinovic, Sasa"]
[Black "Pajeken, Jakob Leon"]
[Result "1-0"]
[ECO "D26"]
[WhiteElo "2558"]
[BlackElo "2424"]
[Annotator "TA"]
[PlyCount "117"]
[EventDate "2023.10.21"]
[EventType "team-tourn"]
[EventCountry "AUT"]
[SourceTitle "playchess.com"]
[Source "ChessBase"]
[SourceQuality "1"]
[TimeControl "40/5400+30:1800+30"]

1. d4 d5 2. c4 dxc4 3. Nf3 Nf6 4. e3 e6 5. Bxc4 c5 6. O-O Nc6 7. Nc3 {[%emt 0:00:17] D26: Angenommenes Damengambit.} a6 8. d5 Nxd5 9. Nxd5 b5 10. Bb3 c4 11. Bxc4 bxc4 12. e4 Bb7 13. Bf4 $146 ({Predecessor:} 13. Re1 Bb4 14. Bg5 f6 15. Bd2 Bxd2 16. Qxd2 Rc8 17. Ne3 Qxd2 18. Nxd2 Ne5 19. Rec1 {1-0 Nakamura,H (2768)-Dominguez Perez,L (2745) Chess.com Rapid CGC KO 2022 (3.1)}) 13... Rc8 14. Qe2 Bd6 (14... exd5 15. exd5+ Qe7 16. Qd2 $18) 15. Bxd6 Qxd6 16. Nc3 Ne5 17. Nxe5 Qxe5 18. Rad1 (18. Rfd1 {hält die Spannung aufrecht.} Ke7 19. Rd2 Rhd8 20. Rad1) 18... O-O 19. Rd7 Bc6 20. Rd2 f5 21. exf5 (21. Qxc4 $2 {zu gefräßig.} Bb5 (21... Bxe4 22. Qxa6 Bc6 23. Rfd1 $16) 22. Qd4 Qxd4 23. Rxd4 Bxf1 24. Kxf1 Rfd8 25. Rxd8+ Rxd8 $19) (21. Rfd1 {sieht schärfer aus.} fxe4 22. Rd4 Qf4 23. R1d2) 21... Qxe2 22. Nxe2 exf5 23. f3 g5 24. Kf2 f4 25. Rc1 Be8 26. h4 gxh4 27. Rh1 Rc5 (27... Bg6 $14) 28. Rxh4 $16 Rcf5 29. Rc2 $1 Bb5 30. Rg4+ Kh8 31. Rd2 Be8 32. Rc2 (32. Kg1 $142) 32... Bb5 $1 $16 33. a3 Bd7 34. Rd2 ({Vorzuziehen ist} 34. Rxc4 Rb5 35. Rgxf4 Rxf4 36. Nxf4 Rxb2+ 37. Kg3) 34... Be6 $16 35. Rd6 Bg8 36. Rxa6 ({Günstiger ist} 36. Rb6 $16) 36... Rb5 $11 37. Nxf4 Rxb2+ 38. Kg3 Rb7 (38... Rc8 $1 $11 {hält das Gleichgewicht.}) 39. Rh6 $16 Bf7 40. Rgh4 Be8 41. Nd5 Rg7+ 42. Kf2 Bf7 43. Ne3 $1 Bg8 44. Nxc4 Ra7 45. Ne5 Re8 46. Re4 Rxa3 47. Rh5 Rc8 48. g4 Kg7 49. Rg5+ Kf6 {[%emt 0:00:41] [#]} 50. Rf5+ $1 Kg7 51. Nd7 Ra7 52. Re7+ Kh8 {[%emt 0:00:48] [#]} 53. Rg5 $1 Ra6 54. Kg3 Bb3 (54... h6 $142 55. Rgg7 Re8) 55. f4 Re6 $2 (55... Bg8 {war angesagt.} 56. Ne5 Rh6) 56. Rgg7 $18 Rh6 (56... Rxe7 $142 57. Rxe7 Rc7) 57. f5 $18 Bc2 (57... Ba2 $142 58. Kf4 (58. g5 Rc3+ 59. Kf4 Rc4+ 60. Kf3 Rc3+ 61. Ke4 Rhh3 $11) 58... Rh3) 58. Kf4 (58. f6 $142 Rc3+ 59. Kf2) 58... Rg8 59. Nf6 1-0

[Event "Austrian Bundesliga 2023-24"]
[Site "Austria"]
[Date "2024.03.23"]
[Round "10.15"]
[White "Schreiner, Peter"]
[Black "Livaic, Leon"]
[Result "1/2-1/2"]
[ECO "A04"]
[WhiteElo "2400"]
[BlackElo "2558"]
[Annotator "TA"]
[PlyCount "61"]
[EventDate "2023.10.21"]
[EventType "team-tourn"]
[EventCountry "AUT"]
[SourceTitle "playchess.com"]
[Source "ChessBase"]
[SourceQuality "1"]
[TimeControl "40/5400+30:1800+30"]

1. Nf3 d6 2. d4 Nf6 3. c4 g6 4. g3 Bg7 5. Bg2 Bf5 6. O-O O-O 7. Nc3 Ne4 8. Nd5 c6 9. Ne3 Bc8 10. Qc2 {[%emt 0:04:00] The position is equal.} f5 11. b3 Nd7 12. Bb2 e5 13. dxe5 dxe5 14. b4 Qe7 15. c5 Nef6 16. Rad1 Kh8 (16... e4 {looks sharper.} 17. Ng5 a5 18. Rd6 Ne8) 17. Qb3 a5 18. a3 axb4 19. axb4 Ne8 (19... e4 $1 $11) 20. Nc4 $36 {[%emt 0:03:04][%mdl 2048] Black is under strong pressure.} e4 21. Bxg7+ Nxg7 {[%emt 0:06:17] [#]} 22. Nd4 Nf6 23. Nb6 Rb8 24. Qc3 Bd7 25. Ra1 Be8 26. Ra7 Qe5 {[%emt 0:01:31] [#]} 27. Nb5 Qxc3 $14 28. Nxc3 Ne6 29. Rd1 Nc7 30. Raa1 {[%emt 0:06:25] White has more active pieces.} (30. f3 $14) 30... Nb5 31. Nxb5 {[%emt 0:01:21] Weighted Error Value: White=0.17 (very precise) /Black=0.18 (very precise) .  Mistake:       	White=2     	Black=1      Inaccurate:     	White=3     	Black=6      OK:         	White=10    	Black=11     Best:        	White=2     	---} 1/2-1/2

[Event "Austrian Bundesliga 2023-24"]
[Site "Austria"]
[Date "2024.03.23"]
[Round "10.16"]
[White "Bosiocic, Marin"]
[Black "Diermair, Andreas"]
[Result "1-0"]
[ECO "C44"]
[WhiteElo "2549"]
[BlackElo "2434"]
[Annotator "TA"]
[PlyCount "79"]
[EventDate "2023.10.21"]
[EventType "team-tourn"]
[EventCountry "AUT"]
[SourceTitle "playchess.com"]
[Source "ChessBase"]
[SourceQuality "1"]
[TimeControl "40/5400+30:1800+30"]

1. e4 e5 2. Nf3 Nc6 3. g3 Nf6 4. d3 d5 5. exd5 Nxd5 6. Bg2 g6 {[%emt 0:06:35] Recently 6...Bd6 got a lot of attention. C44: Ponziani Opening and Scotch Gambit.} 7. Bd2 Bg7 8. Nc3 Nde7 9. O-O O-O 10. Re1 h6 11. b4 a6 12. Rb1 Nf5 13. a4 Re8 14. Ne4 Ncd4 $146 ({Predecessor:} 14... Rb8 15. h4 Ncd4 16. Nh2 Nd6 17. c3 Ne6 18. Ng4 h5 19. Nh6+ Kf8 20. Qf3 f6 21. Nxd6 cxd6 {½-½ Triapishko,A (2530)-Movsesian,S (2632) EU-ch 19th Batumi 2018 (3)}) 15. Nxd4 Nxd4 16. f4 (16. c3 $11 Nf5 17. h4) 16... exf4 17. Bxf4 c6 18. Qd2 g5 19. Be3 $1 a5 (19... Bg4 $11) 20. bxa5 $14 f5 21. Nc5 (21. Nf2 $14) 21... Qxa5 $15 22. c3 ({Better is} 22. Nxb7 $15 Bxb7 23. c3) 22... Qxc5 $17 23. Kh1 Rxe3 $1 24. Rxe3 Ne6 25. d4 Qd6 26. Qa2 Kh7 ({Black should play} 26... Kf8 $19 {Threatens to win with ...Nc7.} 27. Rbe1 Nc7) 27. Rbe1 $1 $15 Bd7 (27... c5 $5) 28. Qb3 (28. Rxe6 $11 Bxe6 29. Rxe6) 28... Nc7 (28... Re8 $1 $15) 29. Re7 $1 $11 Be6 (29... Rf8 $5) 30. Qb4 (30. R1xe6 {simplifies} Nxe6 31. Rxe6 Qd7 32. Bf1) 30... Qd8 31. R7xe6 Nxe6 32. Rxe6 Qa5 33. Qxb7 Qxc3 34. Qb1 (34. Qxa8 $2 Qc1+ (34... Qxd4 $2 35. Qe8 $18) (34... Qxd4 $2 35. Qe8 $18)) 34... Ra5 (34... Rf8 $11 {remains equal.}) 35. Be4 $16 (35. Rxc6 $6 Qxd4 36. Rc1 Qxa4 $11) 35... Kg8 $2 (35... fxe4 36. Qxe4+ Kh8 37. Re8+ (37. Qxc6 $2 Qxc6+ 38. Rxc6 Rxa4 $19) (37. Qxc6 $2 Qxc6+ 38. Rxc6 Rxa4 $19)) (35... Ra8 $16 {was necessary.}) 36. Qa2 $1 $18 (36. Bxc6 Qc4 37. Re8+ (37. d5 Rxd5 38. Bb7 Ra5 $11) 37... Kh7 $11) (36. Rxc6 Qxd4 37. Rc8+ (37. Bxf5 Qa1 $16) 37... Kf7 38. Bxf5 Qa1 $14) 36... Kh7 {[%emt 0:02:02] [#]} (36... fxe4 37. Re8+ (37. Rxc6+ Kh8 $18) 37... Kh7 38. Qg8+ Kg6 39. Qe6+ Kh5 40. Qf7+ (40. Qh3+ Kg6 41. Qe6+ Kh5 42. Qf7+ Kg4 43. Rxe4+ Kh3 44. Qh5#) 40... Kg4 41. Rxe4+ Kh3 42. Qh5#) 37. Re8 $1 (37. Rxc6 {gets mated.} Qe1+ (37... Qxd4 $2 38. Bf3 $19) 38. Kg2 Qxe4+ 39. Kf1 Qh1+ (39... Qxc6 {is a self mate.} 40. Qf2 Qxa4 41. Qe2 Qc6 42. Qb2 Qh1+ 43. Kf2 Qxh2+ 44. Ke3 Qxb2 45. Kd3 Qxd4+ 46. Ke2 Ra2+ 47. Kf3 g4#) 40. Kf2 Qxh2+ (40... Qxc6 41. Qb3 Bxd4+ 42. Kf1 Qa6+ 43. Ke1 Re5+ 44. Kd1 Qe2+ 45. Kc1 Rc5+ 46. Kb1 Qe1+ 47. Qd1 Qb4+ 48. Ka2 Qb2#) 41. Kf1 Qxa2 42. Rc3 Rxa4 (42... Qxa4 43. Rf3 Qd1+ 44. Kg2 Bxd4 45. Rxf5 Ra2+ 46. Rf2 Rxf2+ 47. Kh3 Qh5#) 43. Rf3 Bxd4 (43... Rxd4 44. Rf2 Rd1+ 45. Kg2 Qd5+ 46. Rf3 Rd2+ 47. Kg1 Qxf3 48. g4 Qg2#) 44. Rxf5 Qb1+ 45. Kg2 Qxf5 46. Kh2 Ra2+ 47. Kh1 Qh3#) (37. Bxc6 g4 $11) 37... fxe4 $2 (37... Rd5 $18 38. Bxd5 cxd5) 38. Qg8+ Kg6 39. Re6+ Kh5 {[%emt 0:00:34] [#]} 40. Qf7+ $1 1-0

[Event "Austrian Bundesliga 2023-24"]
[Site "Austria"]
[Date "2024.03.23"]
[Round "10.17"]
[White "Dotzer, Lukas"]
[Black "Saric, Ante"]
[Result "0-1"]
[ECO "B43"]
[WhiteElo "2338"]
[BlackElo "2505"]
[Annotator "TA"]
[PlyCount "136"]
[EventDate "2023.10.21"]
[EventType "team-tourn"]
[EventCountry "AUT"]
[SourceTitle "playchess.com"]
[Source "ChessBase"]
[SourceQuality "1"]
[TimeControl "40/5400+30:1800+30"]

1. e4 c5 2. Nf3 e6 3. d4 cxd4 4. Nxd4 a6 5. Nc3 Qc7 6. Bd3 Nf6 7. Qe2 d6 8. f4 Nbd7 9. g4 Nc5 10. g5 Nfd7 {[%emt 0:00:05] Weiß steht etwas besser.} 11. Be3 b5 12. a3 Bb7 13. O-O-O O-O-O {[%emt 0:06:05] [#]} (13... Nxd3+ $11 {bleibt in der Remisbreite.} 14. cxd3 d5) 14. Kb1 (14. Bxb5 $1 $16 Kb8 (14... axb5 15. Ndxb5 Qb6 16. b4 $18) 15. Bxd7 Rxd7 16. Bf2) 14... Kb8 $14 15. Rc1 Nb6 (15... h6 $1 $11) 16. Nb3 d5 (16... Nbd7 $14) 17. exd5 Nxd5 18. Nxd5 Bxd5 {[%emt 0:00:33] [#]} 19. Bxc5 Bxc5 {[%emt 0:00:33] [#]} 20. Nxc5 $1 Qxc5 21. Qe5+ Qc7 22. Rhf1 Qxe5 23. fxe5 Rd7 24. Rf4 h6 25. Rh4 Rdd8 26. gxh6 Rxh6 27. Rxh6 gxh6 $11 {[%emt 0:00:02][%mdl 4096] Endspiel. KRB-KRB} 28. Rg1 Bb7 29. Rg7 Rd5 30. Rxf7 Rxe5 31. Kc1 Rh5 32. Rf2 Rh4 33. Kd2 Kc7 34. b3 Bd5 35. Rf7+ Kc6 36. Rf2 Kc5 37. Kc3 a5 38. b4+ axb4+ $19 39. axb4+ Rxb4 40. Rf8 {[%emt 0:00:00] [#]} Rh4 $1 41. Rc8+ Bc6 42. Bg6 Kb6 (42... Rxh2 $2 43. Be8 $18) 43. Rd8 b4+ (43... Rxh2 44. Rd6 Kc5 45. Rxe6 $11) 44. Kb2 Bd5 (44... Rxh2 45. Rd6 Kc5 46. Rxe6 $15) 45. Bf7 (45. Rb8+ $142 Kc7 46. Rb5) 45... Kc7 (45... Rxh2 46. Bxe6 Bc6 (46... Bxe6 47. Rd6+ Kc5 48. Rxe6 $11) 47. Kb3 $11) 46. Re8 Kd6 (46... Rxh2 47. Bxe6 Bc6 48. Rf8 $15) 47. Rb8 Ke5 (47... Rxh2 48. Rxb4 h5 49. Bg6 $17) 48. Rb6 $2 (48. h3) 48... h5 (48... Rxh2 $2 49. Rxb4 h5 50. Bg6 $19) 49. Bg6 b3 (49... Rxh2 $2 50. Rxb4 h4 51. Bd3 $19) 50. cxb3 Rxh2+ 51. Kc3 Rh3+ (51... h4 $142 52. Rb4 h3 (52... Rg2 $2 53. Rxh4 Rxg6 54. b4 $19)) 52. Kd2 h4 (52... Bxb3 53. Bxh5 Bd5 54. Bg4 $15) 53. Rb4 Rg3 (53... Rxb3 54. Rxh4 Rb2+ 55. Ke3 $11) 54. Bd3 h3 55. Rh4 Rg2+ $2 (55... Bxb3 56. Bf1 $11) (55... Kf6 $19 {Droht ...Rg2+ und aus.} 56. Rh8 e5 (56... Bxb3 57. Bf1 $15)) 56. Ke3 $11 h2 (56... Bxb3 57. Rxh3 Rg8 58. Rh5+ Kf6 59. Rh6+ Kg5 60. Rh2) 57. Rh5+ $1 Kf6 {[%emt 0:12:46] ...Rg3+ wäre nun fies.} (57... Kd6 $5 58. Be4 $8 Bxe4 (58... Bxb3 $2 59. Bxg2 h1=B 60. Bxh1 $18) 59. Kxe4 Rg3 $17) 58. Be4 Bxe4 (58... Bxb3 $2 {verliert.} 59. Bxg2 h1=B 60. Bxh1 $18 (60. Rxh1 Ke5 $18)) 59. Kxe4 {[%emt 0:00:05] KR-KR} Kg6 60. Rh8 Kg5 61. Kf3 Rb2 62. Kg3 e5 {[%emt 0:01:05] ...e4 ist eine echte Drohung.} (62... Rxb3+ 63. Kxh2 Kg4 64. Rf8) 63. b4 Rxb4 {[%emt 0:00:58] ( -> ...Rg4+)} 64. Kxh2 $2 (64. Rg8+ $11 Kf5 65. Kxh2) 64... Rh4+ {[%emt 0:00:18] Schwarz setzt Matt.} 65. Rxh4 Kxh4 66. Kg2 Kg4 67. Kf2 Kf4 68. Ke2 Ke4 {[%emt 0:00:00] Gewichteter Fehlerwert: Weiß=0.23 (präzise) /Schwarz=0.23 (präzise) .  Verlustzug:     	Weiß=1     	---        Gewinn verpasst:   	---       	Schwarz=1     Fehler:       	Weiß=4     	Schwarz=4     Ungenau:       	Weiß=5     	Schwarz=1     OK:         	Weiß=20    	Schwarz=20    Bester:       	Weiß=6     	Schwarz=5     Stark:        	Weiß=1     	Schwarz=1} 0-1

[Event "Austrian Bundesliga 2023-24"]
[Site "Austria"]
[Date "2024.03.23"]
[Round "10.18"]
[White "Rogic, Davor"]
[Black "Hoefelsauer, Thomas"]
[Result "1/2-1/2"]
[ECO "B10"]
[WhiteElo "2418"]
[BlackElo "2302"]
[Annotator "RC"]
[PlyCount "161"]
[EventDate "2023.10.21"]
[EventType "team-tourn"]
[EventCountry "AUT"]
[SourceTitle "playchess.com"]
[Source "ChessBase"]
[SourceQuality "1"]
[TimeControl "40/5400+30:1800+30"]

1. e4 c6 2. d3 d5 3. Nd2 e5 4. Ngf3 Bd6 5. d4 exd4 6. exd5 Nf6 7. dxc6 Nxc6 8. Be2 Bc7 9. Nb3 Bb6 10. O-O O-O 11. Bg5 h6 12. Bh4 g5 13. Bg3 Ne4 14. Bb5 Nxg3 15. hxg3 Qf6 16. Bxc6 bxc6 17. Nfxd4 a5 18. a4 Rd8 19. c3 c5 20. Qf3 Qxf3 21. Nxf3 Be6 22. Nc1 g4 23. Ne5 Bc7 24. Ned3 c4 25. Nf4 Bxf4 26. gxf4 Rd2 27. Re1 Rb8 28. Ra2 Rbxb2 29. Rxb2 Rxb2 30. Ne2 Ra2 31. Nd4 Bd7 32. Re5 Rxa4 33. Rd5 Be8 34. Rd8 Kf8 35. Nf5 Ra3 36. Ra8 Rxc3 37. Rxa5 Rc1+ 38. Kh2 h5 39. Ra8 c3 40. Rc8 f6 41. Kg3 c2 42. Ne3 h4+ 43. Kxg4 h3 44. Kg3 hxg2 45. Kxg2 Ke7 46. Rxc2 Rxc2 47. Nxc2 Bh5 48. Ne3 Be2 49. Nf5+ Kf7 50. Nd4 Bg4 51. Kg3 Bd1 52. Kh4 Kg6 53. Nb5 Kf5 54. Kg3 Ke6 55. Nd4+ Kd5 56. Nf5 Ke6 57. Ne3 Be2 58. Kg2 Kd6 59. Nf5+ Kd7 60. Kg3 Bd1 61. Nd4 Kd6 62. f3 Kd5 63. Nb5 Ke6 64. Kg4 Ba4 65. Nd4+ Kd5 66. Ne2 Ke6 67. Ng3 Kf7 68. f5 Bd1 69. Kf4 Ke7 70. Nf1 Bb3 71. Ne3 Ba2 72. Ke4 Bb3 73. Kd4 Kd6 74. Ng4 Ke7 75. f4 Bc2 76. Ne3 Bb1 77. Kd5 Bd3 78. Kc6 Be4+ 79. Kc7 Bd3 80. Nd5+ Kf7 81. Ne3 1/2-1/2

[Event "Austrian Bundesliga 2023-24"]
[Site "Austria"]
[Date "2024.03.23"]
[Round "10.19"]
[White "Georgiadis, Nico"]
[Black "Michalik, Peter"]
[Result "0-1"]
[ECO "B35"]
[WhiteElo "2537"]
[BlackElo "2562"]
[Annotator "TA"]
[PlyCount "88"]
[EventDate "2023.10.21"]
[EventType "team-tourn"]
[EventCountry "AUT"]
[SourceTitle "playchess.com"]
[Source "ChessBase"]
[SourceQuality "1"]
[TimeControl "40/5400+30:1800+30"]

1. e4 c5 2. Nf3 Nc6 3. Nc3 g6 4. d4 cxd4 5. Nxd4 Bg7 6. Be3 Nf6 7. Bc4 O-O 8. Bb3 d6 9. f3 Qa5 10. Qd2 Nxd4 11. Bxd4 Be6 12. O-O-O b5 13. Kb1 b4 14. Nd5 Bxd5 15. exd5 Qb5 $1 16. Rhe1 a5 $1 {[%emt 0:00:26] ...a4 would now be deadly.} 17. Qe2 (17. Rxe7 $2 {is the wrong capture.} a4 18. Qd3 (18. Bxf6 $2 Bxf6 19. Re4 axb3 $19) 18... Qxd3 19. Rxd3 axb3 20. cxb3 Nxd5 21. Bxg7 Nxe7 $19) 17... Qxe2 {[%emt 0:00:25] The position is equal.} 18. Rxe2 a4 19. Bc4 Rfc8 20. b3 Rc7 21. g4 Rb7 22. h3 Ne8 23. f4 Kf8 24. Bxg7+ Kxg7 25. bxa4 Rxa4 26. Bb3 Ra8 27. Rd4 Kf8 28. Ree4 Rab8 29. Ba4 Nc7 30. Kb2 Na6 31. Bc6 Rb6 32. Re3 Nc5 33. f5 Rc8 34. h4 Rc7 35. Rf3 Ra7 36. Rdf4 {[%emt 0:01:09] aiming for fxg6.} gxf5 (36... Rba6 37. fxg6 Rxa2+ 38. Kc1 Ra1+ 39. Kd2 $14) 37. Rxf5 {[%emt 0:01:22] [#]} e5 $1 38. Rh5 $2 {[%emt 0:01:59][%mdl 8192] Loses the game.} (38. dxe6 $17 {is a better chance.} Rxc6 39. Rxf7+ Rxf7 40. Rxf7+ Ke8 41. Rxh7) 38... Rba6 $19 {[%emt 0:00:53] Black is clearly winning.} 39. Rxh7 (39. a4 $142 bxa3+ (39... Nxa4+ 40. Bxa4 Rxa4 41. Rf6 $15) 40. Ka2) 39... Rxa2+ 40. Kc1 Kg8 41. Rh5 Ra1+ 42. Kd2 Ne4+ 43. Ke2 R7a2 44. Re3 {[%emt 0:01:20] [#]} Ng3+ $1 {[%emt 0:02:01][%mdl 512] Weighted Error Value: White=0.69/Black=0.04 (flawless) .  Loses game:     	White=1     	---        Mistake:       	White=1     	---        Inaccurate:     	White=4     	Black=1      OK:         	White=7     	Black=10     Best:        	White=1     	Black=3      Strong:       	---       	Black=2} 0-1